 Dungeon Crawl Stone Soup version 0.19-a0-14-gde87d98 (webtiles) character file.

4930 Karasique the Cruncher (level 10, 0/57 HPs)
             Began as a Vine Stalker Gladiator on Apr 30, 2016.
             Was a High Priest of Okawaru.
             Killed from afar by Maurice (3 damage)
             ... with a wand of flame
             ... on level 8 of the Dungeon.
             The game lasted 00:19:47 (6143 turns).

Karasique the Cruncher (Vine Stalker Gladiator)     Turns: 6143, Time: 00:19:47

Health: 0/57       AC:  9    Str: 21    XL:     10   Next: 52%
Magic:  0/15       EV: 12    Int:  8    God:    Okawaru [*****.]
Gold:   0          SH:  0    Dex: 15    Spells: 2 memorised, 10 levels left

rFire  . . .     SeeInvis .     a - +0 quarterstaff (venom)
rCold  . . .     Gourm    .     u - +0 ring mail {rPois}
rNeg   . . .     Faith    +     (shield currently unavailable)
rPois  +         Spirit   +     c - +0 helmet
rElec  .         Dismiss  .     j - +0 cloak (curse)
rCorr  .         Reflect  .     y - +0 pair of gloves
SustAt .         Harm     .     e - +0 pair of boots
MR     +....                    A - amulet of faith
Stlth  +.........               J - ring of poison resistance
                                h - ring of wizardry

@: somewhat resistant to hostile enchantments, very unstealthy
A: fangs 3, regeneration 2, magic shield, antimagic bite, no device heal 3, rot
immunity, MP-powered wands
a: Heroism, Finesse, Renounce Religion


You were on level 8 of the Dungeon.
You worshipped Okawaru.
Okawaru was extremely pleased with you.
You were not hungry.

You visited 1 branch of the dungeon, and saw 8 of its levels.
You also visited: Ossuary.

Inventory:

Hand Weapons
 a - a +0 quarterstaff of venom (weapon)
Armour
 c - a +0 helmet (worn)
 e - a +0 pair of boots (worn)
 j - a cursed +0 cloak (worn)
 u - a +0 ring mail of poison resistance (worn)
 y - a +0 pair of gloves (worn)
 D - a +1 cloak
Jewellery
 h - a ring of wizardry (left hand)
 A - an amulet of faith (around neck)
 J - a ring of poison resistance (right hand)
Wands
 w - a wand of flame (29/48)
 F - a wand of flame (45/48)
 G - a wand of polymorph (9/24)
Scrolls
 n - 4 scrolls of immolation
 q - a scroll of recharging
 r - a scroll of fog
 t - a scroll of enchant armour {unknown}
 x - 4 scrolls of amnesia
 B - a scroll of noise {unknown}
 K - a scroll of remove curse
 M - a scroll of teleportation
 N - a scroll of magic mapping {unknown}
 O - a scroll of blinking {unknown}
Potions
 l - 4 potions of brilliance
 m - 4 potions of lignification
 o - a potion of berserk rage {unknown}
 s - a potion of curing
 z - a potion of flight
 L - a potion of ambrosia {unknown}
Comestibles
 f - 4 bread rations
 g - 3 meat rations
 i - 6 fruits
 p - a royal jelly
 v - 4 chunks of flesh
 H - a slice of pizza
 I - a beef jerky


   Skills:
 + Level 8.9 Fighting
 + Level 9.1 Staves
 - Level 1.7 Throwing
 - Level 2.4 Dodging
 - Level 2.0 Spellcasting
 - Level 3.1 Translocations
 + Level 5.7 Invocations


You had 10 spell levels left.
You knew the following spells:

 Your Spells              Type           Power        Failure   Level  Hunger
a - Blink                 Tloc           N/A          12%         2    ###....
b - Apportation           Tloc           #.........   7%          1    ##.....


Dungeon Overview and Level Annotations

Branches:
Dungeon (8/15)             Temple (0/1) D:7
   Lair: D:8-11

Altars:
Ashenzari
Cheibriados
Elyvilon
Gozag
Makhleb
Nemelex Xobeh
Okawaru
Qazlal
Sif Muna
Vehumet
Yredelemnul
Zin
The Shining One

Annotations:
D:8 Maurice


Innate Abilities, Weirdness & Mutations

You have razor-sharp teeth.
You heal very quickly.
When hurt, damage is shared between your health and your magic reserves.
Your bite disrupts and absorbs the magic of your enemies.
Potions and wands cannot restore your health.
You are immune to rotting.
You expend magic power (3 MP) to strengthen your wands.


Message History

2 arrows; a wolf skeleton
d - a throwing net You start resting.
Eating one of 5 chunks of flesh.
This raw flesh tastes terrible.
You continue eating. x2
Maurice falters for a moment.
Maurice falters for a moment.
Maurice throws a throwing net.
The throwing net hits you.
You become entangled in the net!
You see here a throwing net.
You cannot throw anything while held in a net.
You struggle against the net.
Maurice says, "Nice gear.
Can I borrow some?"
Maurice zaps a wand.
The puff of flame hits you!
You try to slip out of the net.
Maurice hits you from afar with a halberd!
Maurice steals your throwing net!
Maurice falters for a moment.
You try to slip out of the net.
Maurice closely misses you.
You slip out of the net!
Maurice zaps a wand.
The puff of flame hits you!
You die...

... #....?..... .... +....#...
.....#+#......# . .#
#......#.)# #.. #.#
#.........#####.[.# #.#
#.#####(...........
########.####.#(..(...###'###.#
#..........##...#####)# #.#
#..).....>.##.@..# #).###.#
#.......(..##.##.###..###_..' .
####.#h.....@.##..##..###.###..
#.#o...............# #.# #..
#.#g...............###'###..
#.#....<....................
....)......#.#####...........
...........#.# ##........#.#
#...........#.# #.........^.#


You could see Maurice.

Vanquished Creatures
  Erica (D:8)
  Psyche (D:8)
  Sigmund (D:3)
  A hippogriff (D:7)
  Grum (D:8)
  A soldier ant (D:7)
  Duvessa (D:4)
  A water moccasin (D:5)
  2 ice beasts
  3 sky beasts
  An orc warrior (D:8)
  A phantom (D:7)
  An ogre (D:5)
  3 wolves (D:8)
  3 centaurs
  2 gnoll sergeants
  2 giant frogs
  Dowan (D:4)
  2 scorpions
  A water moccasin skeleton (D:4)
  A howler monkey (D:6)
  6 crimson imps
  A quasit (D:6)
  2 centaur zombies
  A centaur skeleton (D:7)
  4 hounds
  A giant frog skeleton (D:7)
  An orc priest (D:7)
  14 orc wizards
  3 iguanas
  5 worker ants
  A big kobold zombie (Ossuary)
  4 mummies (Ossuary)
  Robin (D:3)
  A worker ant zombie (D:7)
  9 gnolls
  10 adders
  4 shadow imps
  An ooze (D:3)
  An adder skeleton (D:6)
  2 adder zombies
  2 worms (D:3)
  4 giant geckos
  27 orcs
  2 ball pythons
  4 giant cockroaches
  21 goblins
  6 hobgoblins
  9 jackals (D:3)
  2 quokkas (D:4)
  5 bats
  A giant gecko skeleton (D:5)
  7 giant newts
  A goblin zombie (Ossuary)
  2 jackal skeletons (D:5)
  5 kobolds
  5 kobold zombies (Ossuary)
  An orc zombie (Ossuary)
  A quokka zombie (D:5)
  4 rats
212 creatures vanquished.

Notes
Turn   | Place    | Note
--------------------------------------------------------------
     0 | D:1      | Karasique the Vine Stalker Gladiator began the quest for the Orb.
     0 | D:1      | Reached XP level 1. HP: 11/11 MP: 2/2
   434 | D:1      | Reached XP level 2. HP: 15/15 MP: 3/3
   559 | D:2      | Reached skill level 3 in Staves
   670 | D:2      | Found a faded altar to an unknown god.
   675 | D:2      | Became a worshipper of Warmaster Okawaru
   675 | D:2      | Reached * piety under Okawaru
   832 | D:2      | Found a snail-covered altar of Cheibriados.
   917 | D:2      | Reached XP level 3. HP: 19/19 MP: 4/4
  1155 | D:3      | Noticed an ice beast
  1250 | D:2      | Killed an ice beast
  1250 | D:2      | Reached ** piety under Okawaru
  1250 | D:2      | Reached skill level 1 in Invocations
  1250 | D:2      | Reached XP level 4. HP: 18/24 MP: 4/6
  1250 | D:2      | Reached XP level 5. HP: 21/28 MP: 4/7
  1346 | D:3      | Reached skill level 4 in Staves
  1429 | D:3      | Found a radiant altar of Vehumet.
  1430 | D:3      | Found a burning altar of Makhleb.
  1437 | D:3      | Gained mutation: You heal very quickly. [Vine Stalker growth]
  1437 | D:3      | Reached XP level 6. HP: 29/33 MP: 6/9
  1547 | D:3      | Found a sparkling altar of Nemelex Xobeh.
  1580 | D:3      | Found an opulent altar of Gozag.
  1661 | D:3      | Noticed Sigmund
  1755 | D:3      | Killed Sigmund
  1755 | D:3      | Reached *** piety under Okawaru
  1755 | D:3      | Reached XP level 7. HP: 29/37 MP: 6/10
  1828 | D:3      | Noticed Robin
  1899 | D:3      | Killed Robin
  2089 | D:4      | Found a deep blue altar of Sif Muna.
  2108 | D:4      | Noticed Duvessa
  2109 | D:4      | Noticed Dowan
  2123 | D:4      | Killed Duvessa
  2123 | D:4      | Reached skill level 5 in Staves
  2131 | D:4      | Killed Dowan
  2206 | D:4      | Reached skill level 5 in Fighting
  2450 | D:4      | Gained mutation: You have razor-sharp teeth. [Vine Stalker growth]
  2450 | D:4      | Reached XP level 8. HP: 44/44 MP: 9/11
  2969 | D:5      | Entered Level 5 of the Dungeon
  2974 | D:5      | Reached skill level 6 in Staves
  3095 | D:5      | Reached **** piety under Okawaru
  3555 | D:5      | Gained mutation: You can translocate small distances at will. [potion of mutation]
  3555 | D:5      | Lost mutation: You can translocate small distances at will. [potion of mutation]
  3555 | D:5      | Gained mutation: Your muscles are strong. (Str +2) [potion of mutation]
  3673 | D:5      | Found a deep blue altar of Sif Muna.
  3793 | D:6      | Reached skill level 7 in Staves
  3922 | D:6      | Reached XP level 9. HP: 44/50 MP: 12/12
  4244 | D:6      | Found a basalt altar of Yredelemnul.
  4247 | D:6      | Noticed a profane servitor
  4256 | D:6      | Found a glowing golden altar of the Shining One.
  4329 | D:6      | Found a glowing silver altar of Zin.
  4397 | D:6      | Noticed an angel
  4473 | D:7      | Learned a level 2 spell: Blink
  4560 | D:7      | Found a white marble altar of Elyvilon.
  4694 | D:7      | Reached skill level 1 in Translocations
  4799 | D:7      | Reached skill level 8 in Staves
  4808 | D:7      | Received a gift from Okawaru
  4820 | D:7      | Reached ***** piety under Okawaru
  5070 | D:7      | Found a staircase to the Ecumenical Temple.
  5084 | D:7      | Found a shattered altar of Ashenzari.
  5212 | D:7      | Learned a level 1 spell: Apportation
  5318 | D:8      | Noticed Psyche
  5326 | D:8      | Reached skill level 1 in Spellcasting
  5382 | D:8      | Noticed Erica
  5382 | D:8      | Noticed a two-headed ogre
  5383 | D:8      | Noticed Grum
  5476 | D:8      | Reached XP level 10. HP: 25/56 MP: 10/14
  5519 | D:8      | Found a sand-covered staircase.
  5538 | Ossuary  | Entered an ossuary
  5595 | Ossuary  | Gained mutation: You expend magic power (3 MP) to strengthen your wands. [potion of mutation]
  5595 | Ossuary  | Lost mutation: Your muscles are strong. (Str +2) [potion of mutation]
  5780 | D:8      | Killed Psyche
  5904 | D:8      | Killed Erica
  5904 | D:8      | Reached skill level 9 in Staves
  5904 | D:8      | Reached skill level 5 in Invocations
  6010 | D:8      | Found a stormy altar of Qazlal.
  6018 | D:8      | Killed Grum
  6018 | D:8      | Received a gift from Okawaru
  6047 | D:8      | Noticed Maurice
  6141 | D:8      | HP: 2/57 [Maurice/halberd (8)]
  6143 | D:8      | Killed from afar by Maurice

Vault maps used:
D:1:      minmay_arrival_hallway
D:2:      marbit_many_paths, ecumenical_altar_2
D:3:      kennysheep_goblin_castle, grunt_temple_overflow_lords_of_destruction,
          nemelex_xobeh_ov_fountains_minmay, grunt_gozag_breadcrumbs,
          uniq_sigmund
D:4:      st_stairs_12, led_sif_book, uniq_duvessa
D:5:      kennysheep_little_box, first_bread
D:6:      grunt_temple_overflow_holy_war, zin_treasury
D:7:      wad_guarded_room, elyvilon_altar_1, lemuel_crystal_altar,
          temple_statues, amalloy_card_club
D:8:      kennysheep_mini_moat, lemuel_doored_altar, enter_ossuary_2,
          uniq_erica, uniq_psyche, uniq_maurice, uniq_grum
Ossuary:  ossuary_crypta

Skill      XL: |  1  2  3  4  5  6  7  8  9 10 |
---------------+-------------------------------+-----
Fighting       | 2 3 4 5 7 8 |  8.9
Staves         | 3 4 5 7 8 9 |  9.1
Invocations    | 1 2 3 4 5 |  5.7
Translocations | 3 |  3.1
Spellcasting   | 1 2 |  2.0
Throwing       | |  1.7
Dodging        | |  2.4

Action                   |  1- 3 |  4- 6 |  7- 9 | 10-12 || total
-------------------------+-------+-------+-------+-------++-------
Melee: Quarterstaff      |    59 |    97 |   438 |   113 ||   707
       Bite              |    11 |    22 |   152 |    40 ||   225
       Unarmed           |       |       |    11 |       ||    11
Throw: Throwing net      |       |       |       |     1 ||     1
  Use: Scroll            |       |     2 |    14 |     2 ||    18
       Potion            |       |       |     2 |     1 ||     3
  Eat: Chunk             |     1 |     1 |    13 |     3 ||    18
Armor: Scale mail        |    30 |    43 |    24 |       ||    97
       Ring mail         |       |       |   124 |    25 ||   149
Dodge: Dodged            |    38 |    59 |   230 |    52 ||   379
